Map: 宿怨战场-天梯版

Players

DnS - Winner!

  • Race: Protoss Protoss

Bly

  • Race: Zerg Zerg

Event: WESG 2018 Grand Finals

VOD

Have the link to the VOD?

Description

Time

  • Played on: March 12, 2019, 12:32 a.m.
  • Length: 9:10

All games in this series

Show
View Real Time Build Order
Export as new Build Order

DnS Protoss - Winner!

Build Orders:  

Get SALT Encoding   

  12  0:00  Probe  
  13  0:12  Probe  
  14  0:19  Pylon  
  14  0:24  Probe  
  15  0:33  Probe  
  15  0:39  Gateway  
  15  0:42  Probe  
  16  0:47  Assimilator  
  17  0:52  Probe  
  18  1:04  Probe  
  19  1:17  Probe  
  20  1:26  Cybernetics Core  
  20  1:32  Zealot  
  22  1:36  Probe  
  22  1:37  Pylon  
  23  1:43  Gateway  
  23  1:59  Adept  
  23  2:00  Nexus  
  23  2:04  Probe  
  24  2:15  Assimilator  
  26  2:18  Probe  
  26  2:30  Probe  
  27  2:38  Robotics Facility  
  27  2:39  Warp Gate  
  27  2:42  Probe  
  28  2:51  Stalker  
  30  2:54  Probe  
  30  2:57  Shield Battery  
  31  3:02  Pylon  
  33  3:13  Immortal  
  33  3:18  Shield Battery  
  29  3:25  Sentry  
  35  3:38  Pylon  
  35  3:40  Pylon  
  35  3:47  Adept  
  37  3:52  Shield Battery  
  37  3:53  Immortal  
  37  4:19  Gateway  
  37  4:23  Gateway  
  37  4:27  Sentry  
  37  4:30  Shield Battery  
  39  4:33  Immortal  
  43  4:48  Probe x2  
  45  4:54  Sentry  
  47  5:03  Probe  
  47  5:06  Gateway  
  48  5:08  Probe  
  48  5:13  Warp Prism  
  49  5:15  Probe  
  50  5:24  Probe  
  50  5:27  Probe  
  50  5:30  Sentry  
  50  5:33  Zealot  
  54  5:42  Pylon, Probe  
  53  5:51  Probe  
  54  6:00  Twilight Council, Probe  
  55  6:05  Gateway x2  
  55  6:08  Gateway  
  55  6:10  Gateway  
  55  6:13  Sentry  
  57  6:19  Sentry  
  57  6:20  Sentry  
  57  6:43  Sentry x2  
  57  6:45  Gateway  
  61  6:47  Pylon  
  61  6:50  Pylon  
  61  6:51  Pylon  
  61  6:52  Pylon, Probe  
  61  6:53  Pylon  
  62  6:58  Pylon  
  62  6:59  Observer  
  62  7:05  Probe  
  62  7:07  Zealot  
  62  7:08  Zealot x2  
  70  7:13  Zealot x3  
  76  7:26  Warp Prism  
  76  7:29  Zealot x3  
  80  7:49  Stalker x4  
  82  7:55  Pylon  
  82  7:56  Zealot  
  84  8:02  Stalker x2  
  88  8:14  Adept x3  
  94  8:32  Stalker x3  
  92  8:53  Stalker x2  
  84  8:59  Zealot x5  
  92  9:04  Zealot  
  92  9:05  Zealot  
Show
View Real Time Build Order
Export as new Build Order

Bly Zerg 

Build Orders: Pool First 

Get SALT Encoding   

  12  0:01  Drone  
  13  0:12  Overlord  
  13  0:17  Drone  
  14  0:30  Drone x2  
  16  0:40  Spawning Pool  
  15  0:46  Drone  
  15  0:49  Extractor  
  15  0:51  Drone  
  16  1:00  Drone  
  17  1:18  Hatchery  
  16  1:27  Zergling x4  
  16  1:28  Zergling x2  
  19  1:40  Queen  
  21  1:47  Drone  
  21  1:51  Metabolic Boost  
  22  1:59  Overlord  
  22  2:13  Roach Warren  
  19  2:39  Drone x3  
  22  2:50  Overlord  
  22  2:53  Roach x3  
  22  2:54  Roach  
  30  3:04  Roach  
  32  3:08  Zergling x4  
  34  3:20  Ravager  
  34  3:21  Zergling x8  
  34  3:25  Zergling x2  
  40  3:28  Zergling x2  
  40  3:30  Zergling x2  
  42  3:38  Overlord, Ravager  
  43  3:45  Zergling x2  
  42  4:03  Zergling x8  
  42  4:11  Zergling x2  
  38  4:19  Ravager  
  38  4:20  Zergling x2  
  38  4:21  Zergling x2  
  41  4:27  Zergling x2  
  41  4:30  Roach  
  43  4:37  Roach  
  43  4:38  Overlord  
  45  4:44  Queen  
  47  4:49  Zergling x2  
  47  4:50  Zergling x2  
  48  5:00  Zergling x4  
  48  5:02  Ravager  
  49  5:12  Roach x2  
  50  5:24  Zergling x4  
  48  5:31  Queen x2  
  49  5:44  Zergling x2  
  49  5:45  Zergling x6  
  49  5:54  Drone x2  
  51  5:59  Ravager  
  51  6:03  Zergling x2  
  51  6:04  Zergling x6  
  56  6:05  Ravager  
  57  6:11  Queen  
  57  6:23  Zergling x6  
  58  6:28  Zergling x2  
  51  6:34  Zergling x10  
  49  6:47  Zergling x8  
  52  7:00  Zergling x4  
  53  7:07  Roach  
  53  7:08  Roach  
  54  7:25  Roach x3  
  54  7:26  Drone  
  54  7:29  Overlord x2  
  58  7:39  Zergling x4  
  58  7:40  Zergling x2  
  54  7:50  Drone x2  
  55  7:57  Drone x2  
  55  7:58  Drone  
  58  8:06  Roach x2  
  58  8:10  Roach  
  64  8:18  Ravager  
  64  8:19  Zergling x4  
  67  8:22  Overlord  
  67  8:31  Zergling x4  
  67  8:32  Overlord  
  67  8:38  Overlord  
  69  8:41  Roach x2  
Tags
 
Add a new tag
Caveats
  • Supply blocks, unpowered buildings, or Contaminate may cause inaccurate times.
  • Supply counts are checked every 10 seconds.